 Dungeon Crawl Stone Soup version 0.30-a0-972-gf3ab3527aa (webtiles) character file.

Game seed: 10900290269702455622

285835 Sobieck the Bludgeoner (level 19, -12/155 HPs)
             Began as a Mummy Fighter on Mar 30, 2023.
             Was the Champion of Okawaru.
             Mangled by a hell knight
             ... wielding a +2 glaive
             ... led by Margery
              (18 damage)
             ... on level 2 of the Vaults on Mar 31, 2023.
             The game lasted 02:17:07 (42376 turns).

Sobieck the Bludgeoner (Mummy Fighter)             Turns: 42376, Time: 02:17:07

Health: -12/155    AC: 37    Str: 29    XL:     19   Next: 82%
Magic:  30/30      EV:  8    Int:  7    God:    Okawaru [******]
Gold:   3838       SH: 18    Dex: 18    Spells: 18/18 levels left

rFire   + . .      SeeInvis +    a - +5 demon whip (heavy) {mace}
rCold   + + .      Faith    +    T - +0 kite shield
rNeg    + + +      Spirit   .    S - +11 storm dragon scales of Kikubaaqudgha's Esteem {rElec rF+ rCorr Slay+6, rare}
rPois   ∞          Reflect  +    H - +2 helmet {SInv}
rElec   +          Rampage  .    P - scarf "Siwnaoho" {rC+ rF+, Regen+ Dex+6}
rCorr   +                        p - +2 pair of gloves {Dex+3}
Will    +++..                    L - +2 pair of boots {Fly} Stlth
                                 j - amulet of reflection
HPRegen 1.25/turn                F - ring of Kanuos {rN+ Str+4 Dex-5 Slay+4 SInv}
MPRegen 0.22/turn                B - ring of willpower

@: flying, studying Invocations
A: cold resistance 1, negative energy resistance 3, torment resistance 2, heat
vulnerability 1, in touch with death 2, no potions, faith
}: 2/15 runes: barnacled, gossamer
a: Renounce Religion, Heroism, Finesse, Duel


You were on level 2 of the Vaults.
You worshipped Okawaru.
Okawaru was exalted by your worship.
You visited 7 branches of the dungeon, and saw 35 of its levels.
You visited the Abyss 1 time.
You also visited: Ossuary, Gauntlet and Ice Cave.

You collected 6207 gold pieces.
You spent 2369 gold pieces at shops.


Innate Abilities, Weirdness & Mutations

You are immune to poison.
Your flesh is cold resistant. (rC+)
You are immune to negative energy. (rN+++)
You are immune to unholy pain and torment.
You are vulnerable to heat. (rF-)
You are strongly in touch with the powers of death.
You do not drink.
You have a special connection with the divine. (Faith)


   Skills:
 + Level 15.4 Fighting
 - Level 16.0 Maces & Flails
 + Level 11.3 Throwing
 + Level 13.3 Armour
 + Level 11.4 Shields
 + Level 15.6 Invocations
 + Level 5.0 Evocations


You had 18 spell levels left.
You didn't know any spells.
Your spell library contained the following spells:

 Spells                   Type           Power      Damage    Failure   Level
 Freeze                   Ice            0%         1d3       98%         1
 Magic Dart               Conj           0%         1d3       98%         1
 Sting                    Tmut/Pois      0%         1d3       98%         1
 Ensorcelled Hibernation  Hex/Ice        0%         N/A       99%         2
 Lesser Beckoning         Tloc           0%         N/A       99%         2
 Poisonous Vapours        Pois/Air       0%         N/A       99%         2
 Scorch                   Fire           0%         2d5       99%         2
 Static Discharge         Conj/Air       0%         2-2/arc   99%         2
 Dazzling Flash           Conj/Hex       0%         N/A       100%        3
 Frozen Ramparts          Ice            0%         1d1       100%        3
 Gell's Gravitas          Tloc           0%         N/A       100%        3
 Hailstorm                Conj/Ice       0%         3d3       100%        3
 Ignite Poison            Fire/Tmut/Pois 0%         N/A       100%        3
 Inner Flame              Hex/Fire       0%         N/A       100%        3
 Kindle Blastsparks       Fire/Tloc/Air  0%         2d10      100%        3
 Mephitic Cloud           Conj/Pois/Air  0%         N/A       100%        3
 Ozocubu's Armour         Ice            0%         N/A       100%        3
 Portal Projectile        Hex/Tloc       0%         N/A       100%        3
 Teleport Other           Tloc           0%         N/A       100%        3
 Vhi's Electric Charge    Tloc/Air       0%         N/A       100%        3
 Airstrike                Air            0%         2d(0-16)  100%        4
 Anguish                  Hex/Necr       0%         N/A       100%        4
 Cause Fear               Hex            0%         N/A       100%        4
 Dispel Undead            Necr           0%         3d6       100%        4
 Flame Wave               Conj/Fire      0%         2d4       100%        4
 Leda's Liquefaction      Hex/Erth       0%         N/A       100%        4
 Olgreb's Toxic Radiance  Pois           0%         N/A       100%        4
 Petrify                  Tmut/Erth      0%         N/A       100%        4
 Sticky Flame             Conj/Fire      0%         2d3       100%        4
 Agony                    Necr           0%         N/A       100%        5
 Arcjolt                  Conj/Air       0%         1d10      100%        5
 Borgnjor's Vile Clutch   Necr/Erth      0%         N/A       100%        5
 Fireball                 Conj/Fire      0%         3d3       100%        5
 Freezing Cloud           Conj/Ice/Air   0%         6-21      100%        5
 Irradiate                Conj/Tmut      0%         3d11      100%        5
 Iskenderun's Battlesphe  Conj           0%         2d6       100%        5
 Lee's Rapid Deconstruct  Erth           0%         3d4*      100%        5
 Metabolic Englaciation   Hex/Ice        0%         N/A       100%        5
 Plasma Beam              Fire/Air       0%         2x1d7     100%        5
 Silence                  Hex/Air        0%         N/A       100%        5
 Conjure Ball Lightning   Conj/Air       0%         3x3d6     100%        6
 Eringya's Noxious Bog    Tmut/Pois      0%         N/A       100%        6
 Enfeeble                 Hex            0%         N/A       100%        7
 Orb of Destruction       Conj           0%         9d5       100%        7
 Maxwell's Capacitive Co  Air            0%         ∞         100%        8
 Call Imp                 Summ           Unusable   N/A       N/A         2
 Sublimation of Blood     Necr           Unusable   N/A       N/A         2
 Spider Form              Tmut/Pois      Unusable   N/A       N/A         3
 Summon Ice Beast         Ice/Summ       Unusable   N/A       N/A         4
 Summon Lightning Spire   Summ/Air       Unusable   N/A       N/A         4
 Summon Forest            Summ/Tloc      Unusable   N/A       N/A         5
 Summon Mana Viper        Hex/Summ       Unusable   N/A       N/A         5
 Simulacrum               Ice/Necr       Unusable   N/A       N/A         6
 Statue Form              Tmut/Erth      Unusable   N/A       N/A         6
 Summon Cactus Giant      Summ           Unusable   N/A       N/A         6
 Dragon Form              Tmut           Unusable   N/A       N/A         7
 Monstrous Menagerie      Summ           Unusable   N/A       N/A         7
 Storm Form               Tmut/Air       Unusable   N/A       N/A         7
 Summon Hydra             Summ           Unusable   N/A       N/A         7
 Borgnjor's Revivificati  Necr           Unusable   N/A       N/A         8
 Necromutation            Tmut/Necr      Unusable   N/A       N/A         8
 Death's Door             Necr           Unusable   N/A       N/A         9
 Dragon's Call            Summ           Unusable   N/A       N/A         9

Inventory:

Hand Weapons
 a - a +5 heavy demon whip (weapon) {mace}
   (Okawaru gifted it to you on level 4 of the Shoals)
 b - the +8 sling "Gihegoto" {freeze, rN+ Str+3}
   (You found it on level 3 of the Elven Halls)

   Str:       It affects your strength (+3).
   rN:        It protects you from negative energy.
Missiles
 c - 2 throwing nets {=f!fthrowing}
 f - 9 silver javelins {throwing}
 g - 19 poisoned darts {throwing}
 k - a datura-tipped dart {throwing}
 n - 12 boomerangs (quivered) {throwing}
 s - 6 curare-tipped darts {=fthrowing}
 A - 5 silver boomerangs {throwing}
 C - 9 atropa-tipped darts {throwing}
 N - 14 javelins {throwing}
Armour
 d - a +0 tower shield
   (You took it off Louise on level 2 of the Spider Nest)
 p - a +2 pair of gloves of dexterity (worn)
   (You found it on level 11 of the Dungeon)
 H - a +2 helmet of see invisible (worn)
   (You found it in an ice cave)
 L - a +2 pair of boots of flying (worn)
   (Okawaru gifted it to you on level 2 of the Spider Nest)
 P - the scarf "Siwnaoho" (worn) {rC+ rF+, Regen+ Dex+6}
   (Okawaru gifted it to you on level 5 of the Lair of Beasts)

   Dex:       It affects your dexterity (+6).
   Regen:     It increases your rate of health regeneration.
 S - the +11 storm dragon scales of Kikubaaqudgha's Esteem (worn) {rElec rF+ rCorr Slay+6, rare}
   (You acquired it on level 8 of the Dungeon)

   Slay:      It affects your accuracy & damage with ranged weapons and melee
   (+6).
   rF:        It protects you from fire.
   rElec:     It insulates you from electricity.
   rCorr:     It protects you from acid and corrosion.
 T - a +0 kite shield (worn)
   (You took it off a tengu warrior on level 13 of the Dungeon)
Jewellery
 j - an amulet of reflection (around neck)
   (You bought it in a shop on level 1 of the Elven Halls)
 t - a +6 ring of strength
   (You found it in a Gauntlet)
 y - a ring of resist corrosion
   (You found it on level 4 of the Spider Nest)
 B - a ring of willpower (right hand)
   (You took it off an orc on level 9 of the Dungeon)
 E - a ring of fire
   (You found it on level 5 of the Dungeon)
 F - the ring of Kanuos (left hand) {rN+ Str+4 Dex-5 Slay+4 SInv}
   (You found it on level 1 of the Lair of Beasts)

   [ring of slaying]

   Str:       It affects your strength (+4).
   Dex:       It affects your dexterity (-5).
   Slay:      It affects your accuracy & damage with ranged weapons and melee
   (+4).
   rN:        It protects you from negative energy.
   SInv:      It lets you see invisible.
 J - a +6 ring of strength
   (You found it on level 3 of the Lair of Beasts)
 V - a ring of protection from cold
   (You took it off a reaper in an ice cave)
 Z - a ring of protection from cold
   (You took it off a reaper in an ice cave)
Wands
 m - a wand of acid (2)
   (You found it on level 1 of the Vaults)
 z - a wand of roots (16)
   (You found it on level 11 of the Dungeon)
 K - a wand of mindburst (25)
   (You found it on level 4 of the Lair of Beasts)
 M - a wand of flame (91)
   (You found it on level 6 of the Dungeon)
 R - a wand of digging (3)
   (You found it on level 6 of the Dungeon)
 U - a wand of polymorph (14)
   (You found it on level 3 of the Shoals)
Scrolls
 e - 2 scrolls of silence {!r}
 h - a scroll of noise {!r}
 i - 16 scrolls of teleportation {@r4}
 l - 5 scrolls of torment
 o - 7 scrolls of magic mapping {!r}
 q - 4 scrolls of amnesia
 u - 7 scrolls of immolation {!r!r}
 v - 25 scrolls of identify {@r1}
 w - 11 scrolls of vulnerability {!r!r}
 D - 7 scrolls of fog
 G - 2 scrolls of enchant armour
 I - 7 scrolls of butterflies
 O - 7 scrolls of blinking {!r}
 Q - 2 scrolls of poison
 Y - 4 scrolls of fear
Miscellaneous
 x - a lightning rod (4/4)
   (You found it in a Gauntlet)
 W - a tin of tremorstones (2/2) {throwing}
   (You found it on level 1 of the Spider Nest)
 X - a condenser vane
   (You found it in an ice cave)

Dungeon Overview and Level Annotations

Branches:
Dungeon (15/15) Zot: 25344  Temple (0/1) D:4            Lair (5/5) D:9 Zot: 23577
 Shoals (4/4) Lair:3 Zot: 19440  Spider (4/4) Lair:3 Zot: 18783   Slime (0/5) Lair:5
    Orc (2/2) D:9 Zot: 10200     Elf (3/3) Orc:2 Zot: 14103  Vaults (2/5) D:13 Zot: 10562
 Depths (0/4) D:15        Ossuary (visited)           IceCv (visited)
Gauntlet (visited)
  Crypt: Vaults:2-3

Altars:
Gozag
Hepliaklqana
Kikubaaqudgha
Okawaru
Vehumet
Wu Jian
Xom
Jiyva

Shops:
D:4 (   D:6 (:   D:10 *   Orc:1 ((*!(   Orc:2 (*:[   Elf:1 ([=   Elf:2 *
Elf:3 :   Shoals:2 *   Vaults:1 !***

Annotations:
D:5 2 transporters, Edmund; jasper's ghost, novice DrCj
D:8 1 runed translucent door
D:9 3 runed translucent doors, CowFu's ghost, novice MiFi; pigah's ghost, novice OpWn; relicbr's ghost, journeyman SpDe
D:10 exclusion: 2 lava snakes
D:15 2 transporters, Keluf's ghost, journeyman GrFi
Lair:3 1 runed translucent door
Lair:5 1 runed translucent door
Orc:1 4 transporters
Elf:2 3 runed translucent doors
Vaults:2 Margery

....... .......
.......#############
.......#...........#
.......#..#.#.#.#..#
.......#p@#######..+
.......#.p#.#!#.#..#
......@p...........#
.....cp#############
.....Gc .......
....... ######. #.


You could see Margery (empowered), a vault warden, a great orb of eyes, 3 hell
knights and 2 yaktaurs.


Message History

An ironbound convoker comes into view. It is wielding a +0 great mace.
Unknown command.
The hell knight calls down the wrath of its god upon you.
The bolt of fire misses you.
A yaktaur comes into view.
The vault warden activates a sealing rune.
A hell knight comes into view. It is wielding a +2 heavy broad axe.
The hell knight hits you from afar with a +2 glaive.
You hear a shout!
Unknown command.
The hell knight calls down the wrath of its god upon you.
The bolt of fire hits the hell knight.
The hell knight completely resists.
The bolt of fire hits you! You resist.
You hear a shout!
Unknown command.
Unknown command.
The hell knight prays to its god.
The hell knight seems to speed up.
A hell knight comes into view. It is wielding a +0 long sword.
Unknown command.
You whack the vault warden!
The vault warden hits you with a +3 long sword of electrocution!
Unknown command.
You hit the vault warden. You block the vault warden's attack.
Unknown command.
The vault warden blocks your attack. You block the hell knight's attack.
The hell knight hits you but does no damage.
The hell knight prays to its god.
The hell knight seems to speed up.
You thrash the hell knight!! You block the hell knight's attack.
Unknown command.
You punish the vault warden, causing immense pain!!!
You block the hell knight's attack. You block the vault warden's attack.
Margery drinks a potion.
Margery's spells are empowered!
The hell knight barely misses you. The vault warden blocks your attack.
The hell knight mumbles some strange prayers to its god.
The hell knight blinks!
You block the hell knight's attack. x2
The vault warden blocks your attack. You block the vault warden's attack.
The hell knight hits you but does no damage.
You block the hell knight's attack.
Unknown command.
The vault warden blocks your attack.
The hell knight mumbles some strange prayers to its god against you.
The bolt of fire hits the hell knight.
The hell knight completely resists.
The bolt of fire hits you but does no damage.
The hell knight hits you but does no damage.
The vault warden hits you with a +3 long sword of electrocution!
The hell knight hits you with a +3 war axe!
You hear a shout!
Unknown command.
You punish the vault warden, causing immense pain!!!
The runic seal fades away.
You block the hell knight's attack.
The vault warden activates a sealing rune.
The hell knight mumbles some strange prayers to its god against you.
The bolt of fire hits you but does no damage.
The hell knight hits you but does no damage.
Unknown command.
The vault warden blocks your attack.
The vault warden hits you but does no damage.
The hell knight hits you but does no damage.
You block the hell knight's attack.
Unknown command.
The vault warden blocks your attack. You block the hell knight's attack.
The vault warden hits you with a +3 long sword of electrocution!
The hell knight completely misses you.
Unknown command.
The vault warden blocks your attack. You block the hell knight's attack.
The vault warden hits you with a +3 long sword of electrocution!
The hell knight mumbles some strange prayers to its god against you.
The bolt of fire hits you. You resist.
Unknown command.
You hit the vault warden.
The hell knight hits you from afar with a +2 glaive!!
* * * LOW HITPOINT WARNING * * *
The hell knight hits you from afar with a +2 glaive!
* * * LOW HITPOINT WARNING * * *
A yaktaur comes into view.
The vault warden hits you with a +3 long sword of electrocution!
* * * LOW HITPOINT WARNING * * *
The hell knight mumbles some strange prayers to its god against you.
The bolt of fire hits you. You resist.
* * * LOW HITPOINT WARNING * * *
Unknown command.
You whack the vault warden!
The hell knight hits you but does no damage.
Unknown command.
The vault warden blocks your attack. The hell knight closely misses you.
The vault warden hits you with a +3 long sword of electrocution!
* * * LOW HITPOINT WARNING * * *
The hell knight hits you but does no damage.
Unknown command.
You closely miss the vault warden.
The hell knight hits you from afar with a +2 glaive.
* * * LOW HITPOINT WARNING * * *
The vault warden hits you with a +3 long sword of electrocution!
* * * LOW HITPOINT WARNING * * *
You block the hell knight's attack.
The hell knight hits you from afar with a +2 glaive!!
You die...

Skill      XL: |  1  2  3  4  5  6  7  8  9 10 11 12 13 14 15 16 17 18 19 |
---------------+----------------------------------------------------------+-----
Maces & Flails | 2 3 4 5 6 8 10 11 12 13 14 16 | 16.0
Armour         | 3 4 5 6 7 8 9 10 11 12 13 | 13.3
Fighting       | 4 5 6 7 8 9 10 11 12 13 14 15 | 15.4
Invocations    | 2 3 5 7 8 9 10 11 12 14 15 | 15.6
Throwing       | 3 4 6 7 8 9 10 11 | 11.3
Shields        | 4 5 6 7 8 9 10 11 | 11.4
Evocations     | 2 4 5 |  5.0

Action                     |  1- 3 |  4- 6 |  7- 9 | 10-12 | 13-15 | 16-18 | 19-21 || total
---------------------------+-------+-------+-------+-------+-------+-------+-------++-------
  Melee: Flail             |   176 |    92 |   520 |   805 |       |       |       ||  1593
         Morningstar       |       |       |       |   120 |  1176 |  1240 |       ||  2536
         Demon whip        |       |       |       |       |       |   353 |   264 ||   617
  Throw: Dart              |       |       |     1 |    43 |    38 |   149 |     3 ||   234
         Boomerang         |       |       |       |       |   153 |   210 |   166 ||   529
         Javelin           |       |       |       |       |       |     2 |    10 ||    12
 Invoke: Heroism           |       |       |     3 |     3 |     6 |     7 |       ||    19
         Finesse           |       |       |       |     3 |     4 |     6 |       ||    13
         Duel              |       |       |       |       |     1 |     1 |       ||     2
  Evoke: Wand              |       |       |       |       |     6 |     1 |       ||     7
         Tin of tremorston |       |       |       |       |       |     2 |       ||     2
    Use: Scroll            |       |     4 |    13 |     7 |     5 |     9 |     2 ||    40
 Armour: Scale mail        |    70 |    40 |   198 |       |       |       |       ||   308
         Storm dragon scal |       |       |    20 |   534 |   770 |  1362 |   147 ||  2833
  Dodge: Dodged            |   125 |    90 |   356 |   376 |   433 |   631 |    59 ||  2070
  Block: Buckler           |    41 |    20 |   126 |   195 |   412 |   425 |       ||  1219
         Kite shield       |       |       |       |       |       |   530 |   229 ||   759
         Reflection        |       |       |       |       |       |    24 |    27 ||    51

Levels and vault maps discovered:
D:1:      saegor_arrival_simple_c, layout_loops_cross,
          hellmonk_ecumenical_altar_leap_of_faith,
          chequers_serial_rivers_micro_b, minmay_misc_feat_tower,
          minmay_ruptured
D:2:      layout_loops_cross, lemuel_flame_loot_1
D:3:      layout_loops_ring, gammafunk_temple_overflow_wave, okawaru_trees_1,
          saegor_snake_ambush
D:4:      layout_loops_corners, mainiacjoe_overflow_paths,
          minmay_temple_entry_glassed_door, serial_shops, shop,
          hangedman_decor_clover_reticule
D:5:      layout_basic, gammafunk_ghost_arena, dreamdust_princess_bridge,
          kennysheep_generic_room_11, uniq_menkaure, uniq_edmund
D:6:      layout_rooms, serial_shops, shop, enter_ossuary_1,
          nicolae_shop_vocational
D:7:      layout_gridville, serial_glass, glass_columns_a, glass_columns_c,
          roderic_batcave, uniq_joseph
D:8:      minmay_gate_of_8, layout_loops_ring, kennysheep_nondescript,
          corexii_hall_statues_l, minmay_misc_feat_cross, uniq_psyche
D:9:      layout_basic, due_lair_maze_entry_diamond, hiddenorc2_lemuel,
          special_room [special_room_orc], gammafunk_ghost_cemetery,
          hangedman_abyss_or_decor_stabs, hangedman_tell_no_tales
D:10:     layout_basic, nicolae_gozag_cash_rules_everything_around_me,
          nicolae_hepliaklqana_hazy_memory, serial_shops, shop,
          hangedman_incinerator
D:11:     layout_irregular_city, gauntlet_entry_generic, uniq_erica
D:12:     orc_temple, layout_loops_cross, st_stairs_13, uniq_fannar, uniq_sonja,
          uniq_nergalle
D:13:     layout_rooms, david_vaults_4, uniq_azrael
D:14:     layout_layer_cave
D:15:     grunt_enter_depths_hoard, layout_basic, gammafunk_ghost_mausoleum,
          hangedman_decor_diamond_cutter, serial_bayou, serial_bayou_lagoon_a,
          serial_bayou_pond_e, serial_bayou_pond_e, serial_bayou_pond_d,
          serial_bayou_shore_b
Lair:1:   layout_roguey, grunt_megastairs_3, serial_bayou_shore_b,
          infiniplex_staircase_pool_2
Lair:2:   layout_small_grid, basic_altar, grunt_megastairs_2
Lair:3:   gammafunk_lair_enchanted_lake, layout_loops_ring,
          minmay_shoals_entry_lonely_mermaid, dummy_spider_entry,
          serial_bayou_shore_b
Lair:4:   minmay_lair_oklob_chamber, layout_hall_layers, beast_lair_carwin_2,
          lemuel_fruit_fields, uniq_kirke
Lair:5:   cheibrodos_lair_end_hotspot, layout_regular_city, slime_entry_2
Shoals:1: layout_shoals, st_shoals_ruin
Shoals:2: layout_shoals, serial_shops, nicolae_shop_window_shopping
Shoals:3: layout_shoals, nicolae_shoals_elemental_ambush
Shoals:4: shoals_end_hellmonk_storm_palace [storm_palace_center_ruins,
          storm_palace_corner_narrow, storm_palace_corner_pillars,
          storm_palace_corner_blocked, storm_palace_corner_reverse_hut],
          serial_shops
Spider:1: layout_spider_delve
Spider:2: layout_spider_delve, portal_ice_cave_entry_frozen_things, special_room
          [special_room_bee], uniq_louise
Spider:3: layout_spider_delve, hangedman_spider_tarantella_strand
Spider:4: spider_rune_water, uniq_arachne
Orc:1:    dreamdust_wu_jian_sword_trials, layout_caves, serial_shops,
          nicolae_square_shop, nicolae_shop_hallway_stairs,
          nicolae_diamond_shop, nicolae_shop_advertising_works
          [nicolae_subvault_shop_adworks], nicolae_shop_trees
Orc:2:    grunt_orc_cross, layout_caves, hellmonk_bongcloud_opening
Elf:1:    eino_elf_arrival_altar, layout_loops_cross, basic_altar,
          evilmike_minifort, minmay_shop_star
Elf:2:    nicolae_elf_blades_splatter_lattice
          [nicolae_blade_entry_sentries_behind_glass], layout_loops_cross,
          serial_shops, shop_statue
Elf:3:    minmay_elf_hall_spiked, layout_onion_city, serial_shops, shop_statue
Vaults:1: grunt_vaults_funnel, nicolae_vaults_back_hallway,
          nicolae_vaults_windows_and_doors_thing, v_alt_pattern_1,
          hangedman_vaults_trim, ontoclasm_vaults_tryst,
          nicolae_vaults_three_branches, grunt_vaults_focal, vaults_dpeg_ring,
          hangedman_vaults_trim, layout_vaults_quadrants, serial_shops,
          nicolae_shop_statue_plus, nicolae_shop_waterfront, shop, shop_coins
Vaults:2: nicolae_vaults_network_quincunx
          [nicolae_vaults_network_quincunx_subvault,
          nicolae_vaults_network_quincunx_subvault,
          nicolae_vaults_network_quincunx_subvault,
          nicolae_vaults_network_quincunx_subvault,
          nicolae_vaults_network_quincunx_subvault], ontoclasm_vaults_shuriken,
          vaults_room_fours, nicolae_vaults_network_s, vaults_room_corners,
          ontoclasm_vaults_gateway, ontoclasm_vaults_idyll,
          nicolae_vaults_rhombus_6, v_misc_8, grunt_vaults_hallway_short,
          v_misc_12, nicolae_vaults_shelves_hall, layout_vaults_omnicross,
          uniq_margery

Notes
Turn   | Place    | Note
-------+----------+-------------------------------------------
     0 | D:1      | Sobieck the Mummy Fighter began the quest for the Orb.
     0 | D:1      | Reached XP level 1. HP: 18/18 MP: 1/1
    72 | D:1      | You pick up a book of Minor Magic and begin reading...
    72 | D:1      | You add the spells Magic Dart, Call Imp and Mephitic Cloud
                  | to your library.
   210 | D:1      | Found a faded altar of an unknown god.
   343 | D:1      | Reached skill level 2 in Maces & Flails
   343 | D:1      | Reached XP level 2. HP: 21/24 MP: 2/2
   936 | D:2      | Gained mutation: You are in touch with the powers of death.
                  | [Mummy growth]
   936 | D:2      | Reached XP level 3. HP: 25/29 MP: 3/3
  1638 | D:3      | Found an iron altar of Okawaru.
  1656 | D:3      | Became a worshipper of Warmaster Okawaru
  1665 | D:3      | You pick up a book of Maledictions and begin reading...
  1665 | D:3      | You add the spells Anguish and Enfeeble to your library.
  2112 | D:3      | Found an ancient bone altar of Kikubaaqudgha.
  2274 | D:4      | Found a staircase to the Ecumenical Temple.
  2492 | D:4      | Reached skill level 3 in Maces & Flails
  2492 | D:4      | Reached skill level 3 in Armour
  2492 | D:4      | Reached XP level 4. HP: 21/36 MP: 4/4
  2818 | D:4      | Found Herhampi's Antique Weapon Boutique.
  2826 | D:4      | Bought a glowing flail for 143 gold pieces
  2911 | D:4      | Noticed a scorpion
  2922 | D:4      | Killed a scorpion
  2923 | D:4      | Reached XP level 5. HP: 41/42 MP: 5/5
  2934 | D:4      | You pick up a book of Displacement and begin reading...
  2934 | D:4      | You add the spells Lesser Beckoning, Gell's Gravitas and
                  | Teleport Other to your library.
  2947 | D:4      | Found an ornate altar of the Wu Jian Council.
  3106 | D:5      | Entered Level 5 of the Dungeon
  3124 | D:5      | Reached * piety under Okawaru
  3125 | D:5      | Reached skill level 4 in Fighting
  3201 | D:5      | Reached XP level 6. HP: 41/48 MP: 6/6
  3246 | D:5      | Noticed jasper's ghost (novice DrCj)
  3287 | D:5      | Reached skill level 4 in Maces & Flails
  3318 | D:5      | Noticed Menkaure
  3329 | D:5      | Killed Menkaure
  3329 | D:5      | Reached ** piety under Okawaru
  3381 | D:5      | Noticed Edmund
  3565 | D:5      | Found a transporter.
  3575 | D:5      | Found a transporter.
  3612 | D:5      | Reached XP level 7. HP: 50/55 MP: 7/7
  3656 | D:5      | Reached skill level 4 in Armour
  3695 | D:5      | Reached skill level 1 in Invocations
  3701 | D:5      | You pick up a book of Displacement and begin reading...
  3757 | D:5      | Reached skill level 5 in Fighting
  3757 | D:5      | Reached skill level 5 in Maces & Flails
  4365 | D:6      | Found Uruzuxax's Vocational Training.
  4394 | D:6      | Found a sand-covered staircase.
  4416 | Ossuary  | Entered an ossuary
  4444 | Ossuary  | Reached *** piety under Okawaru
  4445 | Ossuary  | Reached skill level 2 in Invocations
  4445 | Ossuary  | Reached XP level 8. HP: 49/62 MP: 9/9
  4762 | Ossuary  | Reached skill level 6 in Maces & Flails
  4877 | Ossuary  | Reached skill level 3 in Invocations
  4988 | D:6      | Found Pumo Quun's Antique Weapon Boutique.
  5016 | D:6      | Reached skill level 6 in Fighting
  5414 | D:7      | Noticed Joseph
  5479 | D:7      | Killed Joseph
  5479 | D:7      | Reached **** piety under Okawaru
  5480 | D:7      | Reached skill level 5 in Armour
  5480 | D:7      | Reached XP level 9. HP: 46/69 MP: 9/11
  6334 | D:8      | Reached skill level 7 in Maces & Flails
  6477 | D:8      | Noticed Psyche
  6499 | D:8      | Killed Psyche
  6500 | D:8      | Reached skill level 4 in Invocations
  6730 | D:8      | Noticed a cyclops
  6730 | D:8      | Noticed an efreet
  6731 | D:8      | Noticed a six-headed hydra
  6731 | D:8      | Found a runed translucent door.
  6733 | D:8      | Noticed a cyclops
  6733 | D:8      | Noticed an orc knight
  6733 | D:8      | Noticed a cyclops
  6803 | D:8      | Identified a scroll of acquirement
  6804 | D:8      | Acquired the +11 storm dragon scales of Kikubaaqudgha's
                  | Esteem {rElec rF+ rCorr Slay+6}
  6805 | D:8      | S - the +11 storm dragon scales of Kikubaaqudgha's Esteem
                  | {rElec rF+ rCorr Slay+6, rare}
  6816 | D:8      | You finish putting on the +11 storm dragon scales of
                  | Kikubaaqudgha's Esteem {rElec rF+ rCorr Slay+6, rare}.
  6877 | D:8      | Reached skill level 7 in Fighting
  6883 | D:8      | Reached ***** piety under Okawaru
  6890 | D:8      | Reached skill level 8 in Maces & Flails
  6890 | D:8      | Reached skill level 6 in Armour
  6900 | D:8      | Reached skill level 5 in Invocations
  6905 | D:8      | Reached XP level 10. HP: 73/79 MP: 13/13
  7077 | D:8      | HP: 9/79 [orc priest/divine providence (12)]
  7777 | D:9      | Reached skill level 9 in Maces & Flails
  7833 | D:9      | Reached skill level 6 in Invocations
  7904 | D:9      | Identified the +11 halberd of Karma {heavy, rC+ rN+ Dex-5}
                  | (Okawaru gifted it to you on level 9 of the Dungeon)
  7904 | D:9      | Received a gift from Okawaru
  7910 | D:9      | Found a staircase to the Lair.
  8085 | D:9      | Noticed a two-headed ogre
  8095 | D:9      | Killed a two-headed ogre
  8096 | D:9      | Reached skill level 10 in Maces & Flails
  8096 | D:9      | Reached skill level 7 in Invocations
  8203 | D:9      | Found a runed translucent gate.
  8204 | D:9      | Found a runed translucent gate.
  8204 | D:9      | Found a runed translucent gate.
  8205 | D:9      | Noticed pigah's ghost (novice OpWn)
  8206 | D:9      | Noticed relicbr's ghost (journeyman SpDe)
  8206 | D:9      | Noticed CowFu's ghost (novice MiFi)
  8515 | D:9      | Reached XP level 11. HP: 83/84 MP: 16/16
  8697 | D:9      | Upgraded the game from 0.30-a0-965-g42e074c17a to
                  | 0.30-a0-972-gf3ab3527aa
  8953 | D:9      | Reached skill level 1 in Throwing
  9055 | D:9      | Found a staircase to the Orcish Mines.
  9071 | D:9      | Reached skill level 3 in Shields
  9235 | D:10     | Entered Level 10 of the Dungeon
  9435 | D:10     | Received a gift from Okawaru
  9446 | D:10     | Reached ****** piety under Okawaru
  9500 | D:10     | Could not pick up a +3 quick blade of protection
                  | {shortrare=g} here; ([A]lways) ignore it?
  9513 | D:10     | Found a hazy altar of Hepliaklqana.
  9545 | D:10     | Found an opulent altar of Gozag.
  9548 | D:10     | Reached skill level 2 in Throwing
  9641 | D:10     | Found Ajaxzaff's General Store.
  9650 | D:10     | Bought a scroll of enchant weapon for 105 gold pieces
  9726 | D:10     | You pick up a book of the Earth and begin reading...
  9726 | D:10     | You add the spells Leda's Liquefaction and Lee's Rapid
                  | Deconstruction to your library.
 10267 | D:11     | Found a gate leading to a gauntlet.
 10272 | Gauntlet | Entered a Gauntlet
 10272 | Gauntlet | Found a transporter.
 10275 | Gauntlet | Noticed a death scarab
 10282 | Gauntlet | Found a transporter.
 10282 | Gauntlet | Found a transporter.
 10293 | Gauntlet | Found a transporter.
 10306 | Gauntlet | Found a transporter.
 10309 | Gauntlet | Noticed a wretched star
 10312 | Gauntlet | Found a transporter.
 10327 | Gauntlet | Found a transporter.
 10350 | Gauntlet | Found a transporter.
 10359 | Gauntlet | Found a transporter.
 10364 | Gauntlet | Found a transporter.
 10364 | Gauntlet | Noticed a hell beast
 10379 | Gauntlet | Found a transporter.
 10385 | Gauntlet | Found a transporter.
 10403 | Gauntlet | Noticed a catoblepas
 10404 | Gauntlet | Found a transporter.
 10413 | Gauntlet | Found a transporter.
 10415 | Gauntlet | Found a transporter.
 10416 | Gauntlet | a faun changed into a shock serpent
 10416 | Gauntlet | Noticed a shock serpent (shapeshifter)
 10423 | Gauntlet | a shock serpent changed into a deep troll
 10423 | Gauntlet | Noticed a deep troll (shapeshifter)
 10428 | Gauntlet | Noticed a death scarab
 10430 | Gauntlet | Noticed a death scarab
 10432 | Gauntlet | Found a transporter.
 10437 | Gauntlet | Found a transporter.
 10480 | Gauntlet | Found a transporter.
 10604 | Gauntlet | Noticed a two-headed ogre
 10605 | Gauntlet | a two-headed ogre changed into a swamp worm
 10606 | Gauntlet | Noticed a shock serpent
 10607 | Gauntlet | Noticed an entropy weaver
 10622 | Gauntlet | a moth of wrath changed into an ettin
 10622 | Gauntlet | Noticed an ettin (glowing shapeshifter)
 10624 | Gauntlet | an ettin changed into something unseen
 10625 | Gauntlet | Noticed a great orb of eyes
 10706 | Gauntlet | Killed a death scarab
 10706 | Gauntlet | Identified the +1 quarterstaff of Dissent {pain, Int+3}
                  | (Okawaru gifted it to you in a Gauntlet)
 10706 | Gauntlet | Received a gift from Okawaru
 10707 | Gauntlet | Reached skill level 4 in Shields
 10723 | Gauntlet | You pick up a book of the Spheres and begin reading...
 10723 | Gauntlet | You add the spells Iskenderun's Battlesphere, Fireball,
                  | Conjure Ball Lightning and Orb of Destruction to your
                  | library.
 10762 | Gauntlet | Identified the +6 plate armour "Orixtip" {+Blink Str+5}
 10871 | Gauntlet | Killed a wretched star
 10872 | Gauntlet | Reached skill level 8 in Fighting
 10872 | Gauntlet | Reached skill level 3 in Throwing
 10910 | Gauntlet | Reached skill level 8 in Invocations
 10926 | Gauntlet | Identified the +0 helmet of Wetuch {Harm Will+}
 10979 | Gauntlet | Noticed a minotaur
 10999 | Gauntlet | Killed a minotaur
 11027 | Gauntlet | Identified the staff of death "Fid Siag" {rN+ Str+4 Int+4}
 11106 | D:11     | Reached skill level 7 in Armour
 11266 | D:11     | Reached XP level 12. HP: 55/93 MP: 18/18
 11461 | D:11     | You pick up a book of Beasts and begin reading...
 11558 | D:11     | Noticed a boulder beetle
 11568 | D:11     | Killed a boulder beetle
 11654 | D:11     | Noticed a two-headed ogre
 11667 | D:11     | Killed a two-headed ogre
 11769 | D:11     | Identified a +2 robe of the Archmagi
 11769 | D:11     | Noticed Erica
 11795 | D:11     | Killed Erica
 12194 | D:12     | Received a gift from Okawaru
 12294 | D:12     | HP: 23/94 [red ugly thing (9)]
 12294 | D:12     | HP: 4/94 [red ugly thing (19)]
 12677 | Lair:1   | Entered Level 1 of the Lair of Beasts
 12854 | Lair:1   | Reached skill level 5 in Shields
 12951 | Lair:1   | Identified the +2 morningstar of Fimbulwinter {elec, Dex+3}
                  | (Okawaru gifted it to you on level 1 of the Lair of Beasts)
 12951 | Lair:1   | Received a gift from Okawaru
 12952 | Lair:1   | Reached skill level 4 in Throwing
 13028 | Lair:1   | Identified the ring of Kanuos {rN+ Str+4 Dex-5 Slay+4 SInv}
 13143 | Lair:1   | Reached skill level 11 in Maces & Flails
 13235 | Lair:1   | Noticed a boulder beetle
 13250 | Lair:1   | Killed a boulder beetle
 13363 | Lair:1   | Reached skill level 9 in Fighting
 13443 | Lair:1   | Received a gift from Okawaru
 14134 | Lair:2   | Noticed a six-headed hydra
 14140 | Lair:2   | Killed a six-headed hydra
 14166 | Lair:2   | Reached skill level 9 in Invocations
 14308 | Lair:2   | Noticed a seven-headed hydra
 14315 | Lair:2   | Killed a seven-headed hydra
 14316 | Lair:2   | Reached skill level 8 in Armour
 14486 | Lair:2   | Gained mutation: You are strongly in touch with the powers
                  | of death. [Mummy growth]
 14486 | Lair:2   | Reached XP level 13. HP: 101/101 MP: 19/19
 14491 | Lair:2   | Found a shimmering altar of Xom.
 14736 | Lair:3   | Reached skill level 5 in Throwing
 14914 | Lair:3   | Identified the +5 falchion of Indomitability {flame, rC+
                  | rCorr Str+2 Int-5}
 15110 | Lair:3   | Reached skill level 6 in Shields
 15147 | Lair:3   | Noticed a dire elephant
 15147 | Lair:3   | Noticed a dire elephant
 15167 | Lair:3   | Found a runed translucent door.
 15242 | Lair:3   | Found a hole to the Spider Nest.
 15459 | Lair:3   | Identified the +1 ring mail "Qeoz" {rElec rPois rN++ Str-4}
 15549 | Lair:3   | Found a staircase to the Shoals.
 15954 | Lair:4   | Noticed Kirke
 15978 | Lair:3   | Killed Kirke
 15978 | Lair:3   | Received a gift from Okawaru
 16343 | Lair:4   | Acquired 947 gold pieces
 17059 | Lair:4   | You pick up a book of Alchemy and begin reading...
 17059 | Lair:4   | You add the spells Petrify and Irradiate to your library.
 17289 | Lair:4   | Identified the +0 demon blade "Golasu" {pain, *Slow MP+9
                  | Dex+5} (Okawaru gifted it to you on level 4 of the Lair of
                  | Beasts)
 17289 | Lair:4   | Received a gift from Okawaru
 17484 | Lair:5   | Entered Level 5 of the Lair of Beasts
 17552 | Lair:5   | Reached skill level 10 in Fighting
 17679 | Lair:5   | Reached skill level 12 in Maces & Flails
 17680 | Lair:5   | Identified the scarf "Siwnaoho" {rC+ rF+, Regen+ Dex+6}
                  | (Okawaru gifted it to you on level 5 of the Lair of Beasts)
 17680 | Lair:5   | Received a gift from Okawaru
 17686 | Lair:5   | Reached skill level 6 in Throwing
 17759 | Lair:5   | Noticed a fire dragon
 17925 | Lair:5   | Reached XP level 14. HP: 110/110 MP: 21/21
 17977 | Lair:5   | Found a runed translucent door.
 17977 | Lair:5   | Found a viscous altar of Jiyva.
 17990 | Lair:5   | Found a staircase to the Slime Pits.
 18005 | Lair:5   | You add the spells Kindle Blastsparks, Ignite Poison and
                  | Freezing Cloud to your library.
 18059 | Lair:5   | Reached skill level 10 in Invocations
 18083 | Lair:5   | Received a gift from Okawaru
 18084 | Lair:5   | Reached skill level 7 in Shields
 18516 | Lair:5   | Reached skill level 9 in Armour
 18640 | Lair:5   | Found a large runed translucent door.
 18641 | Lair:5   | Found a large runed translucent door.
 19142 | D:12     | Noticed Fannar
 19179 | D:12     | Killed Fannar
 19180 | D:12     | Noticed Nergalle
 19187 | D:12     | Killed Nergalle
 19187 | D:12     | Identified the +0 robe "Qulog" {rElec rCorr Dex+2 Slay-2}
                  | (Okawaru gifted it to you on level 12 of the Dungeon)
 19187 | D:12     | Received a gift from Okawaru
 19267 | D:12     | Noticed an orc warlord
 19288 | D:12     | HP: 21/111 [orc warlord/+0 great sword of holy wrath (9)]
 19290 | D:12     | Killed an orc warlord
 19892 | D:12     | Noticed Sonja
 19905 | D:12     | You are cast into the Abyss!
 19905 | Abyss:2  | Found a corrupted altar of Lugonu.
 19905 | Abyss:2  | Cast into level 2 of the Abyss (Sonja)
 20079 | Abyss:2  | Noticed a tentacled starspawn
 20085 | Abyss:2  | Killed a tentacled starspawn
 20086 | Abyss:2  | Reached skill level 7 in Throwing
 20124 | Abyss:2  | Reached skill level 13 in Maces & Flails
 20151 | Abyss:2  | Found a corrupted altar of Lugonu.
 20156 | Abyss:2  | Noticed an ancient lich
 20179 | Abyss:2  | Killed an ancient lich
 20180 | Abyss:2  | Reached skill level 11 in Fighting
 20212 | Abyss:2  | Noticed a cacodemon
 20228 | Abyss:2  | Killed a cacodemon
 20235 | D:12     | You pass through the gate.
 20235 | D:12     | Escaped the Abyss
 20240 | D:12     | Killed Sonja
 20604 | D:12     | Reached XP level 15. HP: 112/118 MP: 22/22
 20717 | D:13     | Received a gift from Okawaru
 20778 | D:13     | Noticed Azrael
 20798 | D:13     | HP: 11/118 [Azrael/damnation (39)]
 20800 | D:13     | Killed Azrael
 20933 | D:13     | You pick up a book of Flames and begin reading...
 20933 | D:13     | You add the spells Inner Flame, Sticky Flame and Flame Wave
                  | to your library.
 21134 | D:13     | Identified the +3 crystal plate armour of Plasticity
                  | {rPois} (Okawaru gifted it to you on level 13 of the
                  | Dungeon)
 21134 | D:13     | Received a gift from Okawaru
 21139 | D:13     | the +3 crystal plate armour of Plasticity {rPois, rare=g};
                  | 4 large rocks {=fthrowing}; a cyclops corpse
 21141 | D:13     | the +3 crystal plate armour of Plasticity {rPois, rare=g};
                  | 4 large rocks {=fthrowing}; a cyclops corpse
 21141 | D:13     | the +3 crystal plate armour of Plasticity {rPois, rare=g};
                  | 4 large rocks {=fthrowing}; a cyclops corpse
 21141 | D:13     | the +3 crystal plate armour of Plasticity {rPois, rare=g};
                  | 4 large rocks {=fthrowing}; a cyclops corpse
 21141 | D:13     | Could not pick up the +3 crystal plate armour of Plasticity
                  | {rPois, rare=g} here; ([A]lways) ignore it?
 21148 | D:13     | Found a gate to the Vaults.
 21151 | D:13     | You pick up a book of Frost and begin reading...
 21151 | D:13     | You add the spells Freeze, Frozen Ramparts and Hailstorm to
                  | your library.
 21165 | D:13     | the +3 crystal plate armour of Plasticity {rPois, rare}; 4
                  | large rocks {=fthrowing}; a cyclops corpse
 21351 | D:14     | Reached skill level 8 in Shields
 22282 | D:15     | Entered Level 15 of the Dungeon
 22408 | D:15     | Found a transporter.
 22411 | D:15     | Noticed Keluf's ghost (journeyman GrFi)
 22467 | D:15     | Reached skill level 11 in Invocations
 22483 | D:15     | Found a transporter.
 22825 | D:15     | Identified the +0 ring mail of the Swamp {rF+ MP+9 Int-2
                  | Slay+3} (Okawaru gifted it to you on level 15 of the
                  | Dungeon)
 22825 | D:15     | Received a gift from Okawaru
 22826 | D:15     | Reached skill level 10 in Armour
 22880 | D:15     | Found a staircase to the Depths.
 23374 | Orc:1    | Entered Level 1 of the Orcish Mines
 23412 | Arena    | Entered the Arena
 23426 | Arena    | Reached skill level 8 in Throwing
 23561 | Orc:1    | Found Onkum's Weapon Shop.
 23572 | Orc:1    | Found Inuomet's Distillery.
 23612 | Orc:1    | Found Poegudda's Weapon Emporium.
 23778 | Orc:1    | Found Paywner's Antique Weapon Shop.
 23779 | Orc:1    | Found an ornate altar of the Wu Jian Council.
 23779 | Orc:1    | Found a transporter.
 23846 | Orc:1    | Found a transporter.
 23854 | Orc:1    | Found Gefeecu's Assorted Antiques.
 23918 | Orc:1    | Found a transporter.
 23919 | Orc:1    | Found an ornate altar of the Wu Jian Council.
 23938 | Orc:1    | Found a transporter.
 24092 | Orc:2    | Entered Level 2 of the Orcish Mines
 24239 | Orc:2    | Found a staircase to the Elven Halls.
 24254 | Orc:2    | Reached skill level 14 in Maces & Flails
 24836 | Orc:2    | Reached skill level 12 in Fighting
 24866 | Orc:2    | Found Hobiohaj's General Store.
 24892 | Orc:2    | Found Qobetext's Antique Weapon Emporium.
 24907 | Orc:2    | Found Joufacvi's Book Emporium.
 24923 | Orc:2    | Found Istraoth's Antique Armour Emporium.
 25267 | Spider:1 | Entered Level 1 of the Spider Nest
 25334 | Spider:1 | Reached XP level 16. HP: 127/127 MP: 24/24
 25373 | Spider:1 | Received a gift from Okawaru
 25463 | Spider:1 | Reached skill level 9 in Shields
 25685 | Spider:1 | You pick up a book of Dreams and begin reading...
 25899 | Spider:1 | Received a gift from Okawaru
 26083 | Spider:1 | Identified the scarf of Good Intentions {repulsion, Stlth+}
                  | (Okawaru gifted it to you on level 1 of the Spider Nest)
 26083 | Spider:1 | Received a gift from Okawaru
 26144 | Spider:1 | Reached skill level 9 in Throwing
 26244 | Spider:1 | You pick up a book of the Dragon and begin reading...
 26648 | Spider:2 | Reached skill level 15 in Maces & Flails
 26768 | Spider:2 | Noticed Louise
 26781 | Spider:2 | Killed Louise
 26787 | Spider:2 | Found a frozen archway.
 26815 | IceCv    | Entered an ice cave
 27589 | Spider:2 | Reached skill level 16 in Maces & Flails
 28050 | Spider:2 | Reached skill level 1 in Evocations
 28180 | Spider:2 | Received a gift from Okawaru
 28454 | Spider:2 | Received a gift from Okawaru
 28621 | Spider:2 | Received a gift from Okawaru
 28812 | Spider:2 | Reached skill level 2 in Evocations
 28835 | Spider:2 | Reached XP level 17. HP: 75/133 MP: 25/25
 29715 | Spider:4 | Entered Level 4 of the Spider Nest
 29716 | Spider:4 | Noticed Arachne
 29738 | Arena    | Entered the Arena
 29747 | Arena    | Killed Arachne
 30099 | Spider:4 | Reached skill level 3 in Evocations
 30339 | Spider:4 | Received a gift from Okawaru
 30877 | Spider:4 | Identified the +7 spear "Jeoff" {venom, rF- rN+++ Int+5}
                  | (Okawaru gifted it to you on level 4 of the Spider Nest)
 30877 | Spider:4 | Received a gift from Okawaru
 31270 | Spider:4 | Identified the +2 hat of Fedhas, Bespelling {rN+ Int+3}
 31342 | Spider:4 | Got a gossamer rune of Zot
 31509 | Shoals:1 | Entered Level 1 of the Shoals
 31742 | D:6      | Bought a manual of Invocations for 1040 gold pieces
 31895 | D:10     | Bought a scroll of teleportation for 42 gold pieces
 31895 | D:10     | Bought a scroll of enchant armour for 105 gold pieces
 31895 | D:10     | Bought a scroll of enchant armour for 105 gold pieces
 31895 | D:10     | Bought a scroll of teleportation for 42 gold pieces
 32132 | Shoals:1 | Reached skill level 10 in Throwing
 32143 | Shoals:1 | Received a gift from Okawaru
 32148 | Shoals:1 | Reached skill level 4 in Evocations
 32151 | Shoals:1 | Reached skill level 10 in Shields
 32151 | Shoals:1 | Reached skill level 12 in Invocations
 32300 | Shoals:1 | Received a gift from Okawaru
 32317 | Shoals:1 | Reached skill level 13 in Fighting
 32390 | Shoals:1 | Reached skill level 11 in Armour
 32499 | Shoals:1 | Identified the +0 pair of gloves of the True Pharaoh {rPois
                  | Int+2 SInv} (Okawaru gifted it to you on level 1 of the
                  | Shoals)
 32499 | Shoals:1 | Received a gift from Okawaru
 33298 | Shoals:2 | Found Vibem's Assorted Antiques.
 33315 | Shoals:2 | You pick up a book of Lightning and begin reading...
 33315 | Shoals:2 | You add the spells Static Discharge, Vhi's Electric Charge,
                  | Plasma Beam and Arcjolt to your library.
 33981 | Shoals:3 | Reached XP level 18. HP: 143/143 MP: 27/27
 34241 | Shoals:3 | You pick up a book of the Sky and begin reading...
 34440 | Shoals:3 | HP: 20/143 [faun/+0 quarterstaff[a satyr] (24)]
 34442 | Shoals:3 | HP: 4/143 [faun/+0 spear[a satyr] (19)]
 34444 | Shoals:3 | HP: 1/143 [faun/sling bullet[a satyr] (7)]
 34673 | Shoals:3 | Received a gift from Okawaru
 35136 | Shoals:4 | Entered Level 4 of the Shoals
 35211 | Shoals:4 | Paralysed by an air elemental for 1 turns
 35217 | Shoals:4 | Paralysed by an air elemental for 1 turns
 35242 | Shoals:4 | Reached skill level 13 in Invocations
 35246 | Shoals:4 | Received a gift from Okawaru
 35430 | Shoals:4 | Paralysed by an air elemental for 1 turns
 35678 | Shoals:4 | Paralysed by an air elemental for 1 turns
 36001 | Shoals:4 | Identified the +1 robe of the Dice {rC- rCorr MP+9 Str+5}
                  | (Okawaru gifted it to you on level 4 of the Shoals)
 36001 | Shoals:4 | Received a gift from Okawaru
 36010 | Shoals:4 | Paralysed by an air elemental for 1 turns
 36487 | Shoals:4 | You add the spells Airstrike, Dispel Undead and Borgnjor's
                  | Vile Clutch to your library.
 36487 | Shoals:4 | Got Tylabats's Grimoire of Grim Lightning
 36489 | Shoals:4 | Got a barnacled rune of Zot
 36499 | Shoals:4 | Identified the +5 quick blade of Rukos {spect, Str+5}
 36500 | Shoals:4 | j - the +5 quick blade of Rukos {spect, Str+5, shortrare=g}
 36504 | Shoals:4 | Identified the +8 flail of Eternal War {antimagic, rF-
                  | rCorr Str+3 Dex+2}
 36515 | Shoals:4 | You drop the +5 quick blade of Rukos {spect, Str+5,
                  | shortrare=g}.
 36516 | Shoals:4 | j - the +5 quick blade of Rukos {spect, Str+5, shortrare=g}
 36790 | Elf:1    | Entered Level 1 of the Elven Halls
 36922 | Elf:1    | Reached skill level 11 in Throwing
 36946 | Elf:1    | Found a radiant altar of Vehumet.
 36968 | Elf:1    | Reached skill level 11 in Shields
 36971 | Elf:1    | Reached skill level 14 in Fighting
 36973 | Elf:1    | You pick up a book of Scorching and begin reading...
 37119 | Elf:1    | Found Waoxtail's Weapon Boutique.
 37123 | Elf:1    | Found Rilol's Antique Armour Shop.
 37124 | Elf:1    | You pick up a book of Winter and begin reading...
 37124 | Elf:1    | You add the spells Ozocubu's Armour and Metabolic
                  | Englaciation to your library.
 37125 | Elf:1    | Found Gedaogg's Jewellery Boutique.
 37132 | Elf:1    | Bought an amulet of reflection for 570 gold pieces
 37132 | Elf:1    | You drop the +5 quick blade of Rukos {spect, Str+5,
                  | shortrare=g}.
 37144 | Elf:1    | Could not pick up the +5 quick blade of Rukos {spect,
                  | Str+5, shortrare=g} here; ([A]lways) ignore it?
 37221 | Elf:1    | Paralysed by an air elemental for 1 turns
 37291 | Elf:1    | Reached skill level 14 in Invocations
 37450 | Elf:1    | Paralysed by an air elemental for 1 turns
 37480 | Elf:1    | Paralysed by an air elemental for 1 turns
 37504 | Elf:1    | Reached skill level 12 in Armour
 37730 | Elf:1    | Found an ancient bone altar of Kikubaaqudgha.
 37968 | Elf:2    | Received a gift from Okawaru
 37970 | Elf:2    | Paralysed by an air elemental for 1 turns
 38322 | Elf:2    | Reached XP level 19. HP: 153/153 MP: 29/29
 38333 | Elf:2    | Identified the +0 crystal plate armour "Feex" {Int+4}
                  | (Okawaru gifted it to you on level 2 of the Elven Halls)
 38333 | Elf:2    | Received a gift from Okawaru
 38347 | Elf:2    | Could not pick up the +0 crystal plate armour "Feex"
                  | {Int+4, rare=g} here; ([A]lways) ignore it?
 38363 | Elf:2    | Found Nioph's Assorted Antiques.
 38378 | Elf:2    | Bought a scroll of enchant weapon for 217 gold pieces
 38468 | Elf:2    | Identified the +0 scimitar "Zuizigig" {spect, Dex+4}
 38657 | Elf:2    | Found a runed translucent gate.
 38657 | Elf:2    | Found a runed translucent gate.
 38658 | Elf:2    | Found a runed translucent gate.
 38869 | Elf:3    | Entered Level 3 of the Elven Halls
 39172 | Elf:3    | Reached skill level 15 in Invocations
 39495 | Elf:3    | Found Xucwad's Book Boutique.
 39646 | Elf:3    | Reached skill level 15 in Fighting
 39717 | Elf:2    | Reached skill level 13 in Armour
 39765 | Elf:2    | Identified the +3 demon whip of Autotheism {vamp, Str+4
                  | Dex+4} (Okawaru gifted it to you on level 2 of the Elven
                  | Halls)
 39765 | Elf:2    | Received a gift from Okawaru
 39811 | Elf:3    | Noticed a Tzitzimitl
 39921 | Elf:2    | Noticed a Brimstone Fiend
 40068 | Elf:3    | Noticed a Tzitzimitl
 40260 | Elf:3    | Identified the amulet of the Little Devil {Acrobat rElec
                  | rPois rN++ Int-3}
 40266 | Elf:3    | Received a gift from Okawaru
 40318 | Elf:3    | Identified the +8 sling "Gihegoto" {freeze, rN+ Str+3}
 40325 | Elf:3    | Got the Discursus on Numb Transposition
 40332 | Elf:3    | Identified the ring "Icviu" {rN+ Str+2}
 40385 | Elf:3    | Identified the +1 sling of the Middle {heavy, Str+2 SInv}
 40399 | Elf:3    | Identified the staff of poison "Ashrenip" {rPois rCorr
                  | Dex+3 Stlth-}
 40406 | Elf:3    | Identified the +4 arbalest of Muorutz {heavy, rF++ rC+
                  | rCorr}
 40411 | Elf:3    | You pick up a book of the Senses and begin reading...
 40411 | Elf:3    | You add the spells Dazzling Flash, Agony and Silence to
                  | your library.
 40911 | D:13     | the +3 crystal plate armour of Plasticity {rPois, rare}; 4
                  | large rocks {=fthrowing}
 40921 | Vaults:1 | Entered Level 1 of the Vaults
 40921 | Vaults:1 | Found Wonwoo's General Store.
 40995 | Vaults:1 | Found Hiumoi's General Store.
 41152 | Vaults:1 | Identified the +0 ring mail "Omaemotomm" {Harm Rampage rF+}
 41279 | Vaults:1 | Received a gift from Okawaru
 41670 | Vaults:1 | You add the spells Sting, Poisonous Vapours and Olgreb's
                  | Toxic Radiance to your library.
 41727 | Vaults:1 | Reached skill level 5 in Evocations
 41920 | Vaults:1 | Found Qoceh's Distillery.
 41926 | Vaults:1 | Found Oghaoni's General Store.
 42319 | Vaults:2 | Noticed Margery
 42373 | Vaults:2 | HP: 38/155 [vault warden/+3 long sword of electrocution
                  | (16)]
 42376 | Vaults:2 | HP: 6/155 [vault warden/+3 long sword of electrocution
                  | (15)]
 42376 | Vaults:2 | Mangled by a hell knight

Vanquished Creatures
  An ancient lich (Abyss:2)
  Arachne (Arena)
  A deep elf blademaster (Elf:2)
  2 deep elf master archers (Elf:3)
  A tentacled starspawn (Abyss:2)
  2 krakens (Shoals:3)
  Kirke (Lair:3)
  A sphinx (Vaults:1)
  A tengu reaver (Vaults:1)
  An azure jelly (Spider:2)
  A storm dragon (Shoals:4)
  2 deep elf sorcerers (Elf:3)
  Louise (Spider:2)
  3 emperor scorpions
  4 orc warlords
  An ironbound preserver (Vaults:1)
  5 ghost moths
  2 broodmothers
  8 deep elf elementalists
  A cacodemon (Abyss:2)
  3 reapers (IceCv)
  An ironbound thunderhulk (Vaults:1)
  10 deep elf demonologists
  A stone giant (Shoals:1)
  Azrael (D:13)
  9 deep elf annihilators
  6 spark wasps
  A minotaur (Gauntlet)
  4 merfolk javelineers (Shoals:4)
  5 deep elf death magi (Elf:3)
  3 fire dragons
  7 merfolk impalers
  Fannar (D:12)
  2 deep elf high priests
  7 hydras
  4 entropy weavers
  A great orb of eyes (Vaults:1)
  6 merfolk aquamancers (Shoals:4)
  A radroach (Spider:3)
  2 satyrs (Shoals:3)
  4 centaur warriors
  An alligator snapping turtle (Shoals:4)
  8 death yaks
  7 boulder beetles
  Erica (D:11)
  3 tengu warriors
  12 dancing weapons
  A death scarab (Gauntlet)
  4 two-headed ogres
  2 orc high priests
  Sonja (D:12)
  11 deep elf knights
  A wretched star (Gauntlet)
  A sun moth (Spider:1)
  Nergalle (D:12)
  6 skysharks
  A sixfirhy (Abyss:2)
  8 sea snakes
  2 fire crabs
  6 pharaoh ants
  2 deep trolls (Vaults:1)
  An iron troll (D:13)
  9 skeletal warriors
  A deep troll (shapeshifter) (D:14)
  10 deep elf archers
  6 orb spiders
  A wizard (Vaults:1)
  A bog body (IceCv)
  An orange crystal statue (IceCv)
  9 steelbarb worms
  An ironbound convoker (Vaults:1)
  2 spriggan simulacra (IceCv)
  14 deep elf zephyrmancers
  5 lindwurms (Vaults:1)
  A necromancer (Vaults:1)
  20 deep elf pyromancers
  An obsidian statue (IceCv)
  6 orc sorcerers
  24 wolf spiders
  30 harpies
  9 orc knights
  13 cyclopes
  11 ugly things
  3 large abominations (Abyss:2)
  3 oklob plants (Lair:4)
  A salamander (shapeshifter) (Elf:1)
  14 fauns
  2 moths of wrath
  5 manticores
  A merfolk siren (Lair:3)
  A manticore (shapeshifter) (D:13)
  Joseph (D:7)
  5 water nymphs (Shoals:4)
  3 torpor snails (Spider:2)
  10 cane toads
  6 black mambas
  A gargoyle (D:11)
  A vault sentinel (Vaults:1)
  2 molten gargoyles (Lair:5)
  A smoke demon (Abyss:2)
  A cane toad (shapeshifter) (D:13)
  7 rime drakes
  5 demonic crawlers
  12 komodo dragons
  Psyche (D:8)
  An efreet (D:14)
  9 freezing wraiths
  2 kobold demonologists
  4 ice devils (IceCv)
  10 wind drakes
  6 meliai
  4 trolls
  4 hornets (Spider:4)
  28 tarantellas
  16 merfolk
  A queen bee (Spider:2)
  4 polar bears
  7 snapping turtles
  A tarantella (shapeshifter) (D:13)
  8 blink frogs
  A spectral dream sheep (Gauntlet)
  A raiju (Abyss:2)
  27 slime creatures
  4 dream sheep (Shoals:3)
  2 dire elephant simulacra (IceCv)
  3 small abominations
  A spriggan (shapeshifter) (D:13)
  11 air elementals
  29 jumping spiders
  A shadow (D:11)
  21 culicivoras
  34 water elementals
  11 basilisks
  An ettin skeleton (Vaults:1)
  A wraith (D:9)
  9 wyverns
  5 fire elementals
  A basilisk (shapeshifter) (Elf:1)
  A steam dragon (Lair:5)
  75 yaks
  4 hogs
  2 humans (Lair:3)
  4 fire bats (D:10)
  5 minotaur simulacra (IceCv)
  3 neqoxecs
  51 redbacks
  4 vampire mosquitoes (D:11)
  3 harpy simulacra (IceCv)
  5 wargs
  Menkaure (D:5)
  2 swamp worms (Gauntlet)
  2 acid dragons (D:9)
  6 hell hounds
  17 water moccasins
  4 black bears
  44 orc warriors
  An ogre (shapeshifter) (D:14)
  10 centaurs
  3 wolves
  4 ogres
  2 kobold brigands
  16 bullfrogs
  5 earth elementals
  A deep troll simulacrum (IceCv)
  A gnoll sergeant (D:11)
  10 scorpions
  26 killer bees
  2 lindwurm simulacra (IceCv)
  5 spriggan skeletons (D:9)
  A troll skeleton (D:9)
  9 howler monkeys
  4 electric eels
  4 lava snakes (Lair:5)
  4 centaur zombies (Ossuary)
  4 hounds
  3 jellies
  5 human zombies
  38 orc priests
  2 sleepcaps
  5 iguanas
  A scorpion zombie (Ossuary)
  26 orc wizards
  3 mummies (Ossuary)
  7 gnolls
  5 adders
  A shadow imp (D:6)
  2 white imps (D:7)
  3 ufetubi
  A worm (D:5)
  2 dart slugs
  92 orcs
  6 bats
  2 endoplasms (D:1)
  5 goblins
  5 hobgoblins
  6 jackals
  6 quokkas
  13 ball pythons
  3 frilled lizards
  2 gnoll zombies (Ossuary)
  6 goblin zombies (Ossuary)
  A hobgoblin zombie (Ossuary)
  11 kobolds
  A kobold zombie (Ossuary)
  3 orc zombies (Ossuary)
  4 rats
  6 tentacles (Shoals:3)
1349 creatures vanquished.

Vanquished Creatures (others)
  2 deep elf knights
  A frilled lizard (D:2)
  A kobold (D:2)
  18 demonic plants (Gauntlet)
  70 fungi
  171 plants
  2 starspawn tentacles (Abyss:2)
  12 tentacles (Shoals:3)
  8 toadstools (Lair:3)
  4 withered plants (D:9)
289 creatures vanquished.

Grand Total: 1638 creatures vanquished

Table legend:
 A = Non-vault XP
 B = Vault XP
 C = Vault XP percentage of total XP
 D = Non-vault monster count
 E = Vault monster count
 F = Vault count percentage of total count
                 A         B        C        D         E       F
            +---------+---------+-------+---------+---------+-------
      Total |  274634 |  182454 |  39.9 |     833 |     510 |  38.0
            +---------+---------+-------+---------+---------+-------
        D:1 |      27 |       3 |  10.0 |      17 |       2 |  10.5
        D:2 |      37 |       0 |   0.0 |      14 |       0 |   0.0
        D:3 |      17 |       4 |  19.0 |      10 |       3 |  23.1
        D:4 |     147 |       0 |   0.0 |      12 |       0 |   0.0
        D:5 |     783 |     244 |  23.8 |      24 |       2 |   7.7
        D:6 |     239 |       0 |   0.0 |       7 |       0 |   0.0
        D:7 |     552 |     482 |  46.6 |      13 |       5 |  27.8
        D:8 |    2658 |     371 |  12.2 |      23 |       1 |   4.2
        D:9 |    2832 |    3192 |  53.0 |      28 |      76 |  73.1
       D:10 |    4576 |     796 |  14.8 |      26 |       4 |  13.3
       D:11 |    6056 |    1511 |  20.0 |      29 |       3 |   9.4
       D:12 |    4396 |    8144 |  64.9 |      19 |      30 |  61.2
       D:13 |    6368 |    3791 |  37.3 |      20 |      10 |  33.3
       D:14 |    7899 |       0 |   0.0 |      17 |       0 |   0.0
       D:15 |   12780 |    1804 |  12.4 |      26 |       2 |   7.1
     Lair:1 |    6045 |    1090 |  15.3 |      25 |       6 |  19.4
     Lair:2 |    4307 |     364 |   7.8 |      15 |       2 |  11.8
     Lair:3 |    9656 |    5641 |  36.9 |      31 |      11 |  26.2
     Lair:4 |    2098 |    2713 |  56.4 |       4 |       8 |  66.7
     Lair:5 |   15478 |    7583 |  32.9 |      41 |      26 |  38.8
   Shoals:1 |   15088 |    5326 |  26.1 |      25 |       9 |  26.5
   Shoals:2 |    9251 |     420 |   4.3 |      18 |       2 |  10.0
   Shoals:3 |   17146 |    1030 |   5.7 |      31 |       5 |  13.9
   Shoals:4 |    9464 |   24792 |  72.4 |      17 |      56 |  76.7
   Spider:1 |   23969 |       0 |   0.0 |      68 |       0 |   0.0
   Spider:2 |   19293 |    5752 |  23.0 |      50 |      25 |  33.3
   Spider:3 |   22358 |     241 |   1.1 |      46 |       1 |   2.1
   Spider:4 |    4084 |   16293 |  80.0 |      12 |      38 |  76.0
      Orc:1 |    2173 |    2415 |  52.6 |      27 |       8 |  22.9
      Orc:2 |    3751 |    5205 |  58.1 |      38 |      28 |  42.4
      Elf:1 |   11644 |   12782 |  52.3 |      22 |      24 |  52.2
      Elf:2 |   17464 |   16943 |  49.2 |      29 |      16 |  35.6
      Elf:3 |   11396 |   21982 |  65.9 |      18 |      20 |  52.6
   Vaults:1 |    8841 |   12755 |  59.1 |      16 |      16 |  50.0
   Vaults:2 |     486 |       0 |   0.0 |       2 |       0 |   0.0
    Abyss:2 |   10055 |       0 |   0.0 |      12 |       0 |   0.0
    Ossuary |       0 |     868 | 100.0 |       0 |      30 | 100.0
      IceCv |       0 |   12038 | 100.0 |       0 |      31 | 100.0
   Gauntlet |       0 |    3666 | 100.0 |       0 |       9 | 100.0
      Arena |    1220 |    2213 |  64.5 |       1 |       1 |  50.0
            +---------+---------+-------+---------+---------+-------

Illustrated notes

Table legend:
 A = Kills in this place as a percentage of kills in the entire game.
 B = Kills by you in this place as a percentage of kills by you in the entire game.
 C = Kills by friends in this place as a percentage of kills by friends in the entire game.
 D = Other kills in this place as a percentage of other kills in the entire game.
 E = Experience gained in this place as a percentage of experience gained in the entire game.
 F = Experience gained in this place divided by the number of levels of this place that you have seen.
                   A       B       C       D       E      F
               +-------+-------+-------+-------+-------+----------------------
         Total | 100.0 | 100.0 |   N/A | 100.0 | 100.0 | 11148.5
       Dungeon |  31.5 |  31.5 |   N/A |   0.0 |  15.3 | 4647.3
          Lair |  12.6 |  12.6 |   N/A |   0.0 |  12.0 | 10995.0
        Shoals |  12.1 |  12.2 |   N/A |   0.0 |  18.1 | 20629.2
   Spider Nest |  17.9 |  17.9 |   N/A |   0.0 |  20.1 | 22997.5
  Orcish Mines |   7.5 |   7.5 |   N/A |   0.0 |   3.0 | 6772.0
   Elven Halls |   9.6 |   9.5 |   N/A | 100.0 |  20.2 | 30737.0
        Vaults |   2.5 |   2.5 |   N/A |   0.0 |   4.8 | 11041.0
         Abyss |   0.9 |   0.9 |   N/A |   0.0 |   2.2 | 10055.0
       Ossuary |   2.2 |   2.2 |   N/A |   0.0 |   0.2 | 868.0
      Ice Cave |   2.3 |   2.3 |   N/A |   0.0 |   2.6 | 12038.0
      Gauntlet |   0.7 |   0.7 |   N/A |   0.0 |   0.8 | 3666.0
         Arena |   0.1 |   0.1 |   N/A |   0.0 |   0.8 | 1716.5
               +-------+-------+-------+-------+-------+----------------------

Table legend: (Time is in decaauts)
 A = Elapsed time spent in this place.
 B = Non-inter-level travel time spent in this place.
 C = Inter-level travel time spent in this place.
 D = Time resting spent in this place.
 E = Time spent auto-exploring this place.
 F = Levels seen in this place.
 G = Mean time per level.
                   A        B        C        D        E       F      G
               +--------+--------+--------+--------+--------+-----+--------+
         Total |  42026 |  38720 |   3306 |   5192 |  20378 |  41 | 1025.0 |
       Dungeon |  16337 |  14753 |   1584 |   1795 |   8998 |  15 | 1089.1 |
          Lair |   6422 |   5612 |    810 |    482 |   3856 |   5 | 1284.4 |
        Shoals |   4559 |   4224 |    335 |    430 |   1454 |   4 | 1139.8 |
   Spider Nest |   5216 |   4933 |    283 |    976 |   1987 |   4 | 1304.0 |
  Orcish Mines |   1799 |   1636 |    163 |    116 |   1089 |   2 |  899.5 |
   Elven Halls |   3896 |   3789 |    107 |    869 |   1653 |   3 | 1298.7 |
        Vaults |   1436 |   1413 |     23 |     71 |    919 |   2 |  718.0 |
         Abyss |    303 |    303 |      0 |     62 |     21 |   1 |  303.0 |
       Ossuary |    572 |    572 |      0 |     53 |    115 |   1 |  572.0 |
      Ice Cave |    697 |    697 |      0 |    246 |     40 |   1 |  697.0 |
      Gauntlet |    752 |    752 |      0 |     88 |    244 |   1 |  752.0 |
         Arena |     32 |     32 |      0 |      0 |      0 |   2 |   16.0 |
               +--------+--------+--------+--------+--------+-----+--------+

Top non-repeatable levels by time:
     D:9: 2039 daAuts
  Lair:3: 1989 daAuts
    D:11: 1566 daAuts
Shoals:4: 1415 daAuts
Spider:1: 1404 daAuts
   Elf:3: 1402 daAuts
Spider:4: 1379 daAuts
   Elf:1: 1377 daAuts
Vaults:1: 1373 daAuts
     D:7: 1358 daAuts
  Lair:5: 1336 daAuts
Spider:2: 1324 daAuts
  Lair:1: 1299 daAuts
    D:10: 1287 daAuts
    D:12: 1236 daAuts
